 Dungeon Crawl Stone Soup version 0.31-a0-256-g80acddb972 (webtiles) character file.

Game seed: 14548548080482045165

166 qw the Shooter (level 5, 0/45 HPs)
             Began as a Minotaur Hexslinger on July 12, 2023.
             Killed by divine providence
             ... invoked by an orc priest
              (14 damage)
             ... on level 4 of the Dungeon.
             The game lasted 00:00:58 (2768 turns).

qw the Shooter (Minotaur Hexslinger)                Turns: 2768, Time: 00:00:58

Health: 0/45       AC:  5    Str: 12    XL:     5   Next: 22%
Magic:  5/5        EV: 11    Int: 10    God:
Gold:   134        SH:  0    Dex: 15    Spells: 5/6 levels left

rFire   . . .        Y - +1 sling (heavy)
rCold   . . .        (no shield)
rNeg    . . .        f - +0 ring mail
rPois   .            (helmet restricted)
rElec   .            (no cloak)
rCorr   .            (no gloves)
SInv    .            (no boots)
Will    .....        (no amulet)
Stlth   +            (no ring)
HPRegen 0.27/turn    (no ring)
MPRegen 0.09/turn

%: no passive effects
@: no status effects
A: horns 2, retaliatory headbutt
a: no special abilities


You were on level 4 of the Dungeon.
You visited 1 branch of the dungeon, and saw 4 of its levels.

You collected 134 gold pieces.


Innate Abilities, Weirdness & Mutations

You have a pair of horns on your head.
You reflexively headbutt those who attack you in melee.


   Skills:
 - Level 3.0 Fighting
 + Level 5.1 Ranged Weapons
 - Level 1.5 Armour
 - Level 2.1 Dodging
 - Level 1.0 Spellcasting
 - Level 2.0 Hexes


You had 5 spell levels left.
You knew the following spells:

 Your Spells              Type           Power      Damage    Failure   Level
a - Slow                  Hex            16%        N/A       32%         1

Your spell library contained the following spells:

 Spells                   Type           Power      Damage    Failure   Level
 Inner Flame              Hex/Fire       2%         N/A       83%         3
 Portal Projectile        Hex/Tloc       4%         N/A       83%         3
 Cause Fear               Hex            2%         N/A       97%         4

Inventory:

Hand Weapons
 Y - a +1 heavy sling (weapon)
Armour
 f - a +0 ring mail (worn)
Jewellery
 a - a ring of flight
 b - a ring of ice
Scrolls
 j - a scroll of identify
Potions
 e - a potion of berserk rage {unknown}
 g - a potion of haste {unknown}
 i - a potion of lignification {unknown}
 l - a potion of mutation {unknown}

Dungeon Overview and Level Annotations

Branches:
Dungeon (4/15)
 Temple: D:4-7

Altars:
Elyvilon
Fedhas
Hepliaklqana
Nemelex Xobeh


Message History

Enter note:
Enter note:
Enter note:
Enter note:
Enter note:
Enter note:
Enter note:
Enter note: You shoot a sling bullet.
The sling bullet completely misses the orc.
An orc comes into view. It is wielding a +0 mace.
You shoot a sling bullet. The sling bullet barely misses the orc.
The orc shouts!
You shoot a sling bullet. The sling bullet hits the orc!
You kill the orc!
You shoot a sling bullet. The orc priest shouts!
The sling bullet hits the orc.
The orc is lightly wounded.
You shoot a sling bullet. The sling bullet barely misses the orc.
The orc priest calls upon Beogh to heal the orc.
The orc's wounds heal themselves!
The orc hits you with a +0 mace. The orc barely misses you.
The orc priest invokes the aid of Beogh against you.
Pain shoots through your body!
You shoot a sling bullet. The sling bullet barely misses the orc.
The orc hits you with a +0 mace. The orc barely misses you.
You shoot a sling bullet. The sling bullet hits the orc!
You kill the orc!
The orc priest invokes the aid of Beogh against you.
Pain shoots through your body!
You shoot a sling bullet. The sling bullet hits the orc priest!
The orc priest is heavily wounded.
The orc priest barely misses you.
You shoot a sling bullet. The sling bullet hits the orc priest.
The orc priest is almost dead.
The orc priest hits you but does no damage.
The orc priest calls down the wrath of Beogh upon you.
Beogh smites you!
You die...

# .# ........#..........
.
.#...........#.#######.#
.............#..........
..........##.#########.#
.
......(.................
.
.........#...######.##.#
#..................>...
#...))..###.#..##.....#
#....o@.# #.#..##.....#
.........###.#.........#
.....##......##.##.....#
.............#.........#
.............#..##.....#
.................#.....#
.................#.....#
..#...##........#.....#
................#.....#


You could see an orc priest.

Vanquished Creatures
  A jelly (D:4)
  An iguana (D:3)
  3 adders
  2 worms
  2 dart slugs
  7 orcs
  4 bats
  2 endoplasms
  3 giant cockroaches
  7 goblins
  5 hobgoblins
  4 jackals (D:2)
  5 quokkas
  7 ball pythons
  A frilled lizard (D:1)
  6 kobolds
  5 rats (D:1)
65 creatures vanquished.

Notes
Turn   | Place    | Note
-------+----------+-------------------------------------------
     0 | D:1      | qw the Minotaur Hexslinger began the quest for the Orb.
     0 | D:1      | Reached XP level 1. HP: 16/16 MP: 1/1
     0 | D:1      | 0 ||| qw: Version: 0.3-a-52-g30416fa
     0 | D:1      | 0 ||| qw: Game counter: 6755
     0 | D:1      | 0 ||| qw: Melee chars always use a shield: true
     0 | D:1      | 0 ||| qw: God list: Okawaru
     0 | D:1      | 0 ||| qw: Allow faded altars: false
     0 | D:1      | 0 ||| qw: Do Orc after clearing Dungeon:15 true
     0 | D:1      | 0 ||| qw: Do second Lair branch before Depths: true
     0 | D:1      | 0 ||| qw: Lair rune preference: random
     0 | D:1      | 0 ||| qw: Goals: Normal
     0 | D:1      | 0 ||| PLANNING D:1-11
   133 | D:1      | Reached skill level 3 in Ranged Weapons
   133 | D:1      | Reached XP level 2. HP: 23/23 MP: 2/2
   666 | D:1      | 666 ||| UPGRADING to +0 leather armour.
   676 | D:1      | 676 ||| DROPPING +0 robe.
   677 | D:1      | 677 ||| UPGRADING to +0 ring mail.
   687 | D:1      | 687 ||| DROPPING +0 leather armour.
   688 | D:1      | 688 ||| READING scroll labelled TIQI QOONYOMMO.
   689 | D:1      | 689 ||| READING scroll labelled WIR QIUL WEC.
   690 | D:1      | 690 ||| READING scroll labelled LABREB FIUSI.
   694 | D:1      | 694 ||| READING scroll labelled QOLOYN QIUZEO.
   740 | D:1      | 740 ||| DRINKING 2 purple potions.
   741 | D:1      | 741 ||| DROPPING scroll of poison.
   742 | D:1      | 742 ||| DROPPING potion of attraction.
   874 | D:2      | Reached XP level 3. HP: 26/29 MP: 3/3
  1044 | D:2      | Reached skill level 4 in Ranged Weapons
  1064 | D:2      | Reached skill level 1 in Armour
  1117 | D:2      | Found a faded altar of an unknown god.
  1435 | D:2      | 1435 ||| READING scroll labelled NELONK NAFRIJI.
  1436 | D:2      | 1436 ||| READING scroll labelled URASCH JEUFAB.
  1437 | D:2      | 1437 ||| READING scroll labelled WITIKA LESOPY.
  1438 | D:2      | 1438 ||| READING scroll labelled KOD XEZAKH.
  1439 | D:2      | 1439 ||| DRINKING 2 fuming puce potions.
  1464 | D:3      | Reached XP level 4. HP: 31/36 MP: 4/4
  1494 | D:3      | Found a sparkling altar of Nemelex Xobeh.
  1934 | D:3      | Found a blossoming altar of Fedhas.
  2253 | D:3      | Found a white marble altar of Elyvilon.
  2363 | D:3      | 2363 ||| READING scroll labelled ZIECAOTHRUSHA.
  2364 | D:3      | 2364 ||| READING scroll labelled SADA QONOIGGA.
  2404 | D:4      | Found a hazy altar of Hepliaklqana.
  2419 | D:4      | Reached skill level 5 in Ranged Weapons
  2432 | D:4      | 2432 ||| FLEEEEING.
  2433 | D:4      | 2433 ||| FLEEEEING.
  2434 | D:4      | 2434 ||| FLEEEEING.
  2435 | D:4      | 2435 ||| FLEEEEING.
  2436 | D:4      | 2436 ||| FLEEEEING.
  2437 | D:4      | 2437 ||| FLEEEEING.
  2438 | D:4      | 2438 ||| FLEEEEING.
  2444 | D:4      | 2444 ||| FLEEEEING.
  2445 | D:4      | 2445 ||| FLEEEEING.
  2446 | D:4      | 2446 ||| FLEEEEING.
  2447 | D:4      | 2447 ||| FLEEEEING.
  2453 | D:4      | 2453 ||| FLEEEEING.
  2454 | D:4      | 2454 ||| FLEEEEING.
  2455 | D:4      | 2455 ||| FLEEEEING.
  2456 | D:4      | 2456 ||| FLEEEEING.
  2456 | D:4      | HP: 5/36 [orc priest/divine providence (13)]
  2457 | D:4      | 2457 ||| READING 2 scrolls of teleportation.
  2458 | D:4      | 2458 ||| DRINKING potion of heal wounds.
  2459 | D:4      | 2459 ||| FLEEEEING.
  2464 | D:4      | Reached XP level 5. HP: 36/44 MP: 5/5
  2468 | D:4      | Reached skill level 3 in Fighting
  2470 | D:4      | HP: 10/45 [orc/+0 hand axe (3)]
  2471 | D:4      | 2471 ||| READING scroll of teleportation.
  2473 | D:4      | HP: 4/45 [orc/+0 club (1)]
  2768 | D:4      | Killed from afar by an orc priest

Levels and vault maps discovered:
D:1:      amcnicky_arrival_wind_blow, layout_basic
D:2:      layout_loops_ring, ebering_ecumenical_altar_hall,
          chequers_serial_rivers_micro_e
D:3:      layout_loops_corners, mainiacjoe_overflow_concentric_impassable,
          fedhas_altar_fruit_tree, lemuel_round_altar
D:4:      layout_basic, mainiacjoe_overflow_cross_hatched

Skill      XL: |  1  2  3  4  5 |
---------------+----------------+-----
Ranged Weapons | 3 4 5 |  5.1
Fighting       | 2 3 |  3.0
Armour         | 1 |  1.5
Dodging        | |  2.1
Spellcasting   | |  1.0
Hexes          | |  2.0

Action                     |  1- 3 |  4- 6 || total
---------------------------+-------+-------++-------
   Fire: Sling             |   113 |    66 ||   179
    Use: Scroll            |     8 |     4 ||    12
         Potion            |     2 |     1 ||     3
 Armour: Robe              |     1 |       ||     1
         Ring mail         |    27 |    20 ||    47
  Dodge: Dodged            |    35 |    34 ||    69

Table legend:
 A = Non-vault XP
 B = Vault XP
 C = Vault XP percentage of total XP
 D = Non-vault monster count
 E = Vault monster count
 F = Vault count percentage of total count
                 A         B        C        D         E       F
            +---------+---------+-------+---------+---------+-------
      Total |     238 |       0 |   0.0 |      65 |       0 |   0.0
            +---------+---------+-------+---------+---------+-------
        D:1 |      33 |       0 |   0.0 |      20 |       0 |   0.0
        D:2 |      56 |       0 |   0.0 |      18 |       0 |   0.0
        D:3 |      72 |       0 |   0.0 |      12 |       0 |   0.0
        D:4 |      77 |       0 |   0.0 |      15 |       0 |   0.0
            +---------+---------+-------+---------+---------+-------
